Selects Australian Defense Battlegroup
Selects Australian Light Infantry Section
Australian Light Infantry Section
Australian Light Infantry Section
Construct Section Command Post
Construct Platoon Command Post
Unlock Bishop Self-propelled Artillery
Selects 2-pounder Anti-tank Gun Team
Australian Light Infantry Section
Bishop Self-propelled Artillery
Selects CMP 15cwt Supply Run
Construct Company Command Post
Selects Reinforced Resource Caches
Unlock M3 Grant Medium Tanks
Selects Archer Tank Destroyer
Selects Vehicle Over Repair